 Dungeon Crawl Stone Soup version 0.32-a0-886-g41c5271027 (webtiles) character file.

Game seed: 937110764652767044

8974 olmar the Basher (level 11, -4/95 HPs)
             Began as a Mountain Dwarf Monk on Apr 2, 2024.
             Was the Champion of Okawaru.
             Slain by an orc knight
             ... wielding a +0 broad axe
              (9 damage)
             ... on level 1 of the Orcish Mines.
             The game lasted 00:13:59 (8014 turns).

olmar the Basher (Mountain Dwarf Monk)              Turns: 8014, Time: 00:13:59

Health: -4/95      AC: 12    Str: 23    XL:     11   Next: 16%
Magic:  18/18      EV:  8    Int: 12    God:    Okawaru [******]
Gold:   673        SH:  0    Dex: 12    Spells: 10/10 levels left

rFire   + . .        Q - +9 mace of Zober {speed, Will+}
rCold   + . .        d - orb {light}
rNeg    . . .        q - +0 chain mail
rPois   .            e - +0 helmet
rElec   .            r - scarf {rC+ rF+}
rCorr   .            (no gloves)
SInv    +            (no boots)
Will    ++...        w - amulet of regeneration Stlth
                     H - +6 ring of strength
HPRegen 1.15/turn    t - ring of see invisible
MPRegen 0.16/turn

%: no passive effects
@: glowing, studying Ice Magic
A: runic magic, artefact enchanting
a: Renounce Religion, Heroism, Finesse, Duel, Receive Weapon, Receive Armour


You were on level 1 of the Orcish Mines.
You worshipped Okawaru.
Okawaru was exalted by your worship.
You visited 3 branches of the dungeon, and saw 11 of its levels.

You collected 673 gold pieces.

Inventory:

Hand Weapons
 Q - the +9 mace of Zober (weapon) {speed, Will+}
   (You found it on level 5 of the Dungeon)

   Will+:     It increases your willpower.
Missiles
 k - 4 javelins
 u - 33 poisoned darts
Armour
 d - an orb of light (worn)
 e - a +0 helmet (worn)
 q - a +0 chain mail (worn)
 r - a scarf of resistance (worn)
 I - a +0 troll leather armour
 R - a +2 leather armour of cold resistance
Jewellery
 i - a ring of protection from fire
 s - a ring of positive energy
 t - a ring of see invisible (right hand)
 w - an amulet of regeneration (around neck)
 H - a +6 ring of strength (left hand)
 O - a ring of wizardry
 Y - a +6 ring of strength
Talismans
 n - a maw talisman
Wands
 b - a wand of flame (7)
 Z - a wand of polymorph (1) (quivered)
Scrolls
 a - a scroll of noise {unknown}
 g - a scroll of acquirement
 j - 2 scrolls of teleportation
 o - a scroll of fog
 p - 3 scrolls of blinking
 x - 2 scrolls of poison {unknown}
 y - 4 scrolls of vulnerability
 A - 2 scrolls of fear {unknown}
 J - 3 scrolls of revelation {unknown}
 L - a scroll of enchant weapon {unknown}
 N - a scroll of immolation {unknown}
 S - a scroll of butterflies {unknown}
 V - a scroll of enchant armour {unknown}
 W - 3 scrolls of identify
Potions
 c - a potion of ambrosia
 f - a potion of attraction
 m - 3 potions of enlightenment
 v - 3 potions of might
 z - 2 potions of mutation
 B - 3 potions of curing {unknown}
 D - a potion of berserk rage {unknown}
 G - 2 potions of cancellation
 K - 2 potions of invisibility {unknown}
 M - a potion of lignification {unknown}
 T - a potion of resistance {unknown}
 X - a potion of haste


   Skills:
 + Level 8.7 Fighting
 + Level 13.5 Maces & Flails
 + Level 9.4 Armour
 - Level 2.2 Dodging
 * Level 9.6 Invocations


You had 10 spell levels left.
You didn't know any spells.
Your spell library contained the following spells:

 Spells                   Type           Power      Damage    Failure   Level
 Apportation              Tloc           0%         N/A       43%         1
 Kiss of Death            Conj/Necr      0%         2d5       43%         1
 Necrotise                Necr           0%         1d4       43%         1
 Sting                    Conj/Alch      0%         1d3       43%         1
 Ensorcelled Hibernation  Hex/Ice        0%         N/A       58%         2
 Confusing Touch          Hex            0%         N/A       82%         3
 Passwall                 Erth           0%         N/A       82%         3
 Sigil of Binding         Hex            0%         N/A       82%         3
 Swiftness                Air            0%         N/A       82%         3
 Volatile Blastmotes      Fire/Tloc      0%         2d10      82%         3
 Dimensional Bullseye     Hex/Tloc       0%         N/A       99%         4
 Dispel Undead            Necr           0%         3d6       99%         4
 Vhi's Electric Charge    Tloc/Air       0%         N/A       99%         4
 Bombard                  Conj/Erth      0%         9d1       100%        6
 Summon Small Mammal      Summ           Unusable   N/A       N/A         1
 Call Canine Familiar     Summ           Unusable   N/A       N/A         3

Dungeon Overview and Level Annotations

Branches:
Dungeon (9/15)             Temple (1/1) D:4             Orc (1/2) D:9
   Lair: D:8-11

Altars:
Ashenzari
Cheibriados
Dithmenos
Elyvilon
Fedhas
Gozag
Hepliaklqana
Kikubaaqudgha
Makhleb
Okawaru
Qazlal
Sif Muna
Trog
Uskayaw
Vehumet
Yredelemnul
Zin
The Shining One
Beogh

Shops:
D:8 :

Annotations:
D:8 2 transporters


Innate Abilities, Weirdness & Mutations

Your spellcasting is much less encumbered by armour.
You can use scrolls of enchantment on lesser artefacts.


Message History

The orc sorcerer is almost dead.
Unknown command.
You barely miss the orc sorcerer.
The orc sorcerer is almost dead.
The orc sorcerer misses you. The orc knight barely misses you.
The hellwing hits you but does no damage.
The hellwing hits you.
* * * LOW HITPOINT WARNING * * *
Unknown command.
You sock the orc sorcerer!
You kill the orc sorcerer!
Okawaru accepts your kill. Okawaru grants you throwing weapons!
Something appears at your feet!
The hellwing disappears in a puff of smoke!
You hit the orc knight but do no damage.
The orc knight is severely wounded.
The orc knight hits you with a +0 broad axe!
* * * LOW HITPOINT WARNING * * *
Unknown command.
Okay, then.
Unknown command.
You hit the orc knight.
The orc knight is almost dead.
Unknown command.
Unknown command.
You hit the orc knight but do no damage.
The orc knight is almost dead.
The orc knight hits you with a +0 broad axe!
* * * LOW HITPOINT WARNING * * *
Unknown command.
You hit the orc knight but do no damage.
The orc knight is almost dead.
Unknown command.
Unknown command.
Okay, then.
You hit the orc knight but do no damage.
The orc knight is almost dead.
The orc knight hits you with a +0 broad axe!
You die... .ooo.

..#.....## #o...
......#..
#...#..$.(....
##....#..(.....
#....#.........
#).(.#....
########)).......
##.#..##.)........
#.....@o..........
###....))....#.....
##.#................
#........^<..>....#.
##.#...............
#..........#.#....
##.#..#...#####...
########## ###


You could see an orc knight.

Vanquished Creatures
  An ettin (Orc:1)
  A two-headed ogre (D:9)
  A boulder beetle (D:9)
  Pikel (D:6)
  An orc sorcerer (Orc:1)
  Maggie (D:8)
  A kobold demonologist (D:9)
  A troll (D:9)
  A wyvern (D:9)
  Eustachio (D:5)
  A water moccasin (D:7)
  4 ice beasts
  5 orc warriors
  2 black bears
  4 ogres
  2 sky beasts (D:6)
  8 centaurs
  4 phantoms
  3 lemures (D:6)
  2 kobold brigands
  5 bullfrogs
  4 gnoll sergeants
  4 scorpions
  3 wights (D:9)
  10 killer bees
  2 electric eels (D:7)
  A howler monkey (D:7)
  3 bombardier beetles
  2 hounds (D:3)
  4 orc priests
  2 jellies
  2 gnoll boudas
  Jessica (D:3)
  8 orc wizards
  23 gnolls
  8 adders
  2 shadow imps
  2 white imps (D:6)
  2 ufetubi (D:5)
  4 ribbon worms
  A dart slug (D:2)
  45 orcs
  2 bats
  6 endoplasms
  3 giant cockroaches
  13 goblins
  9 hobgoblins
  8 jackals
  3 quokkas
  5 ball pythons
  3 frilled lizards
  20 kobolds
  4 rats
  A spectral kobold (D:3)
260 creatures vanquished.

Notes
Turn   | Place    | Note
-------+----------+-------------------------------------------
     0 | D:1      | olmar the Mountain Dwarf Monk began the quest for the Orb.
     0 | D:1      | Reached XP level 1. HP: 19/19 MP: 1/1
   167 | D:1      | Reached skill level 4 in Maces & Flails
   167 | D:1      | Reached XP level 2. HP: 5/26 MP: 2/2
   785 | D:2      | Reached XP level 3. HP: 28/33 MP: 3/3
  1086 | D:2      | Found an iron altar of Okawaru.
  1367 | D:3      | Reached skill level 5 in Maces & Flails
  1404 | D:3      | Found a broken altar of Ashenzari.
  1480 | D:3      | Found a shadowy altar of Dithmenos.
  1512 | D:3      | Reached skill level 1 in Armour
  1512 | D:3      | Reached XP level 4. HP: 40/40 MP: 4/4
  1517 | D:3      | Found a faded altar of an unknown god.
  1774 | D:3      | Noticed Jessica
  1779 | D:3      | Killed Jessica
  1803 | D:3      | Identified a scroll of acquirement
  2111 | D:3      | Reached XP level 5. HP: 19/47 MP: 5/5
  2114 | D:3      | Reached skill level 6 in Maces & Flails
  2259 | D:4      | Noticed a phantom
  2355 | D:4      | Killed a phantom
  2356 | D:4      | Reached XP level 6. HP: 44/53 MP: 6/6
  2646 | D:4      | Found a radiant altar of Vehumet.
  2742 | D:4      | Found a staircase to the Ecumenical Temple.
  2748 | Temple   | Entered the Ecumenical Temple
  2755 | Temple   | Became a worshipper of Warmaster Okawaru
  2755 | Temple   | Reached * piety under Okawaru
  2755 | Temple   | Reached ** piety under Okawaru
  2858 | D:4      | Reached skill level 1 in Invocations
  3027 | D:4      | Reached skill level 7 in Maces & Flails
  3175 | D:5      | Entered Level 5 of the Dungeon
  3304 | D:5      | Noticed an ice beast
  3310 | D:5      | Killed an ice beast
  3311 | D:5      | Reached skill level 5 in Fighting
  3311 | D:5      | Reached XP level 7. HP: 60/61 MP: 8/8
  3648 | D:5      | Reached *** piety under Okawaru
  3657 | D:5      | Reached skill level 8 in Maces & Flails
  3781 | D:5      | Found a white marble altar of Elyvilon.
  3800 | D:5      | Noticed Eustachio
  3821 | D:5      | Killed Eustachio
  3822 | D:5      | Reached XP level 8. HP: 69/69 MP: 10/10
  3886 | D:5      | Identified the +9 mace of Zober {speed, Will+}
  3915 | D:5      | Reached skill level 5 in Armour
  4214 | D:6      | Reached **** piety under Okawaru
  4215 | D:6      | Reached skill level 9 in Maces & Flails
  4240 | D:6      | Reached skill level 5 in Invocations
  4418 | D:6      | Noticed Pikel
  4445 | D:6      | Reached XP level 9. HP: 68/75 MP: 13/13
  4494 | D:6      | Killed Pikel
  4495 | D:6      | Reached skill level 10 in Maces & Flails
  5219 | D:7      | Reached skill level 11 in Maces & Flails
  5222 | D:7      | Reached ***** piety under Okawaru
  5878 | D:8      | Reached XP level 10. HP: 85/86 MP: 15/15
  5955 | D:8      | Found a transporter.
  5959 | D:8      | Found Firghorph's Book Shop.
  5986 | D:8      | Noticed Maggie
  5997 | D:8      | Killed Maggie
  6244 | D:8      | Found a transporter.
  6369 | D:8      | Found a bloodstained altar of Trog.
  6381 | D:8      | Reached skill level 12 in Maces & Flails
  6402 | D:8      | Found a runed translucent door.
  6473 | D:8      | Received a gift from Okawaru
  6666 | D:8      | Found a roughly hewn altar of Beogh.
  6773 | D:9      | Found a blossoming altar of Fedhas.
  6995 | D:9      | Noticed a boulder beetle
  7020 | D:9      | Killed a boulder beetle
  7180 | D:9      | Found a staircase to the Orcish Mines.
  7413 | D:9      | Reached skill level 13 in Maces & Flails
  7452 | D:9      | Noticed a two-headed ogre
  7464 | D:9      | Killed a two-headed ogre
  7911 | Orc:1    | Entered Level 1 of the Orcish Mines
  7932 | Orc:1    | Noticed an ettin
  7948 | Orc:1    | Killed an ettin
  7949 | Orc:1    | Reached XP level 11. HP: 95/95 MP: 16/18
  7965 | Orc:1    | Noticed an orc knight
  7995 | Orc:1    | Reached ****** piety under Okawaru
  7998 | Orc:1    | Noticed an orc sorcerer
  8009 | Orc:1    | Killed an orc sorcerer
  8009 | Orc:1    | Received a gift from Okawaru
  8012 | Orc:1    | HP: 4/95 [orc knight/+0 broad axe (12)]
  8014 | Orc:1    | Slain by an orc knight

Illustrated notes

Levels and vault maps discovered:
D:1:      lemuel_arrival_room, layout_rooms, hangedman_decor_clover_reticule
D:2:      layout_basic, basic_altar, mrwooster_statue_mirror
D:3:      layout_loops_ring, cheibrodos_ashenzari_chains,
          nicolae_dithmenos_through_a_glass_darkly,
          dreamdust_ecumenical_altar_drowned_temple, kennysheep_jessica_study
D:4:      layout_layer_cave, mainiacjoe_overflow_brackets, temple_doors_e
D:5:      minmay_chambers_of_fours, layout_basic,
          nicolae_elyvilon_peaceful_grove, minmay_manual_mares, uniq_eustachio
D:6:      layout_gridville, kennysheep_generic_room_8, uniq_pikel
D:7:      layout_basic, serial_bayou_ford_a, minmay_misc_feat_tower, eino_jars
D:8:      layout_rooms, lemuel_doored_altar, serial_shops,
          nicolae_shop_drivethru, dk_noncrumbling_3, lightli_church_of_beogh,
          uniq_maggie
D:9:      layout_stronghold, mainiacjoe_overflow_paths, david_orc_2,
          nzn_sisyphean_effort
Temple:   hc_temple_tempest_star
Orc:1:    layout_caves

Skill      XL: |  1  2  3  4  5  6  7  8  9 10 |
---------------+-------------------------------+-----
Maces & Flails | 4 5 6 7 8 9 11 13 | 13.5
Armour         | 1 2 3 4 6 7 9 |  9.4
Fighting       | 4 5 6 7 8 |  8.7
Invocations    | 2 3 5 7 9 |  9.6
Dodging        | |  2.2

Action                     |  1- 3 |  4- 6 |  7- 9 | 10-12 || total
---------------------------+-------+-------+-------+-------++-------
  Melee: Mace              |   135 |   103 |   216 |   239 ||   693
  Throw: Javelin           |       |     1 |       |       ||     1
         Dart              |       |       |       |    13 ||    13
         Throwing net      |       |       |       |     2 ||     2
 Invoke: Heroism           |       |     1 |       |     1 ||     2
  Evoke: Wand              |       |     5 |    13 |     8 ||    26
    Use: Scroll            |     5 |     5 |     2 |       ||    12
         Potion            |       |       |     1 |     3 ||     4
 Armour: Ring mail         |    16 |       |       |       ||    16
         Robe              |     4 |       |       |       ||     4
         Scale mail        |   122 |   115 |    54 |       ||   291
         Chain mail        |       |       |   127 |   151 ||   278
  Dodge: Dodged            |   100 |    80 |   102 |    82 ||   364

Table legend: (Time is in decaauts)
 A = Elapsed time spent in this place.
 B = Non-inter-level travel time spent in this place.
 C = Inter-level travel time spent in this place.
 D = Time resting spent in this place.
 E = Time spent auto-exploring this place.
 F = Levels seen in this place.
 G = Mean time per level.
                   A        B        C        D        E       F      G
               +--------+--------+--------+--------+--------+-----+--------+
         Total |   7899 |   7670 |    229 |    705 |   5283 |  11 |  718.1 |
       Dungeon |   7802 |   7574 |    228 |    699 |   5253 |   9 |  866.9 |
        Temple |     14 |     14 |      0 |      0 |      0 |   1 |   14.0 |
  Orcish Mines |     82 |     82 |      0 |      6 |     30 |   1 |   82.0 |
               +--------+--------+--------+--------+--------+-----+--------+

Top non-repeatable levels by time:
     D:9: 1133 daAuts
     D:5: 1027 daAuts
     D:3: 995 daAuts
     D:7: 990 daAuts
     D:4: 873 daAuts
     D:1: 862 daAuts
     D:8: 812 daAuts
     D:6: 614 daAuts
     D:2: 492 daAuts
   Orc:1: 82 daAuts
  Temple: 14 daAuts
